 Dungeon Crawl Stone Soup version 0.31-a0-840-g6d2ecbb638 (webtiles) character file.

Game seed: 7773864638731169537

3355 BinkBink the Nimble (level 10, -5/60 HPs)
             Began as a Djinni Fire Elementalist on Sept 27, 2023.
             Killed by the air
             ... invoked by Gastronok
              (34 damage)
             ... on level 8 of the Dungeon.
             The game lasted 00:33:26 (8846 turns).

BinkBink the Nimble (Djinni Fire Elementalist)      Turns: 8846, Time: 00:33:35

Health: -5/60      AC:  2    Str:  7    XL:     10   Next: 22%
Gold:   438        EV: 16    Int: 21    God:
                   SH:  0    Dex: 14

rFire   + + .        (no weapon)
rCold   . . .        (no shield)
rNeg    . . .        a - +0 robe
rPois   ∞            (no helmet)
rElec   .            (no cloak)
rCorr   +            (no gloves)
SInv    .            (boots unavailable)
Will    +....        (no amulet)
Stlth   ++++         p - ring of protection from cold
HPRegen 0.30/turn    q - ring of resist corrosion
MPRegen 0.00/turn

%: infuse magic (-6 HP)
@: flying
A: sickness immunity, fire resistance 2, cold vulnerability 1, float, innate
caster, HP casting, extra vitality 1
a: no special abilities


You were on level 8 of the Dungeon.
You visited 2 branches of the dungeon, and saw 9 of its levels.
You also visited: Ossuary.

You collected 438 gold pieces.

Inventory:

Hand Weapons
 r - a +0 orcbow
Armour
 a - a +0 robe (worn)
Jewellery
 n - the ring "Pofiurph" {rF+ Str+5}
   (You took it off a centaur on level 8 of the Dungeon)

   [ring of protection from fire]

   Str+5:     It affects your strength (+5).
   rF+:       It protects you from fire.
 p - a ring of protection from cold (left hand)
 q - a ring of resist corrosion (right hand)
Wands
 j - a wand of acid (13)
 k - a wand of charming (6)
 t - a wand of mindburst (12)
Scrolls
 g - 3 scrolls of immolation
 h - a scroll of butterflies
 l - a scroll of teleportation
 s - 2 scrolls of identify
 u - a scroll of fog
 v - a scroll of blinking {unknown}
Potions
 b - 3 potions of cancellation {unknown}
 c - 3 potions of haste
 d - 3 potions of curing
 e - 3 potions of magic
 f - a potion of invisibility {unknown}
 i - 2 potions of mutation {unknown}
 m - 3 potions of degeneration {unknown}
 o - 2 potions of attraction


   Skills:
 + Level 9.4 Dodging
 + Level 7.8 Stealth
 + Level 6.1 Spellcasting
 + Level 6.1 Conjurations
 + Level 6.1 Hexes
 + Level 6.1 Summonings
 + Level 6.1 Necromancy
 + Level 6.1 Translocations
 + Level 6.1 Transmutations
 + Level 6.1 Fire Magic
 + Level 6.1 Ice Magic
 + Level 6.1 Air Magic
 + Level 6.1 Earth Magic
 + Level 6.1 Poison Magic


You knew the following spells:

 Your Spells              Type           Power      Damage    Failure   Level
a - Foxfire               Conj/Fire      100%       2x1d9     1%          1
b - Scorch                Fire           64%        2d7       1%          2
c - Volatile Blastmotes   Fire/Tloc      64%        2d15      2%          3
d - Inner Flame           Hex/Fire       32%        N/A       2%          3
e - Flame Wave            Conj/Fire      32%        2d9       8%          4
f - Summon Small Mammal   Summ           100%       N/A       1%          1
g - Blink                 Tloc           64%        N/A       1%          2
h - Sigil of Binding      Hex            32%        N/A       2%          3
i - Petrify               Tmut/Erth      32%        N/A       8%          4
Your spell library was empty.

Dungeon Overview and Level Annotations

Branches:
Dungeon (8/15)             Temple (1/1) D:6         Ossuary (visited)
   Lair: D:8-11

Altars:
Cheibriados
Dithmenos
Elyvilon
Fedhas
Gozag
Hepliaklqana
Makhleb
Okawaru
Qazlal
Ru
Trog
Uskayaw
Xom
Yredelemnul
Zin
The Shining One

Shops:
D:8 (

Annotations:
D:4 2 transporters, Zigma's ghost, amateur DrSh
D:7 1 runed translucent door, Crazy Yiuf
D:8 Gastronok


Innate Abilities, Weirdness & Mutations

You are immune to sickness and miasma.
You are immune to poison.
Your flesh is very heat resistant. (rF++)
You are vulnerable to cold. (rC-)
You float through the air rather than walking.
You learn spells naturally, not from books.
Your magical power is your life essence.
You have superior vitality. (+4 MHP)


Message History

Casting: Scorch (safe; 1% risk of failure)
Confirm with . or Enter, or press ? or * to list all spells.
Flames lash Gastronok.
Gastronok is burned terribly!
Gastronok is moderately wounded.
Casting: Scorch (safe; 1% risk of failure)
Confirm with . or Enter, or press ? or * to list all spells.
Flames lash Gastronok.
Gastronok is burned terribly!
Gastronok is moderately wounded.
Gastronok waves his eye-stalks in wide circles.
The air twists around and strikes you!
Casting: Scorch (safe; 1% risk of failure)
Confirm with . or Enter, or press ? or * to list all spells.
Flames lash Gastronok.
Gastronok is burned terribly!
Gastronok is heavily wounded.
Casting: Scorch (safe; 1% risk of failure)
Confirm with . or Enter, or press ? or * to list all spells.
Flames lash Gastronok.
Gastronok is burned terribly!
Gastronok is heavily wounded.
Gastronok gurgles, "A snack!
A snack!"
Casting: Scorch (safe; 1% risk of failure)
Confirm with . or Enter, or press ? or * to list all spells.
Flames lash Gastronok.
Gastronok is burned terribly!
Gastronok is heavily wounded.
Casting: Scorch (safe; 1% risk of failure)
Confirm with . or Enter, or press ? or * to list all spells.
Flames lash Gastronok.
Gastronok is burned terribly!
Gastronok is severely wounded.
Casting: Scorch (safe; 1% risk of failure)
Confirm with . or Enter, or press ? or * to list all spells.
Flames lash Gastronok.
Gastronok is burned terribly!
Gastronok is severely wounded.
Casting: Scorch (safe; 1% risk of failure)
Confirm with . or Enter, or press ? or * to list all spells.
Flames lash Gastronok.
Gastronok is burned terribly!
Gastronok is almost dead.
Gastronok waves his eye-stalks in wide circles.
The air twists around and strikes you!!
Ouch! That really hurt!
You die...
Gastronok gurgles, "Time to dig in!"

##.#.## ####.###.##
+# #...## ##.## .#
#.#.# ##.# .# #...##
##.####.##
##.#.###.####...####
##.##.#.## .......
#...##.## #...###
#.#.#########@w>..#
#.............###)...
#############....§...
#########


You could see Gastronok (combustible).

Vanquished Creatures
  A wyvern (D:7)
  A steam dragon (D:7)
  Duvessa (D:7)
  2 ice beasts
  A sky beast (D:7)
  3 centaurs
  A phantom (D:5)
  2 kobold brigands (D:7)
  2 elf zombies (Ossuary)
  2 bullfrogs
  Blork the orc (D:4)
  A scorpion (D:5)
  10 wights
  Dowan (D:7)
  A howler monkey (D:7)
  A vampire bat (D:7)
  2 centaur zombies (Ossuary)
  3 jellies
  5 hounds
  3 orc priests
  6 iguanas
  A sleepcap (D:6)
  2 human zombies (Ossuary)
  10 orc wizards
  A hound zombie (Ossuary)
  3 mummies (Ossuary)
  4 gnolls (D:5)
  8 adders
  A shadow imp (D:5)
  A white imp (D:6)
  An ufetubus (D:6)
  3 adder zombies (Ossuary)
  3 worms (D:3)
  A dart slug (D:1)
  21 orcs
  17 bats
  7 endoplasms
  7 giant cockroaches
  A gnoll zombie (Ossuary)
  3 goblins
  6 hobgoblins
  11 jackals
  4 quokkas
  6 ball pythons
  6 frilled lizards
  2 goblin zombies (Ossuary)
  2 hobgoblin zombies (Ossuary)
  5 jackal zombies (Ossuary)
  14 kobolds
  5 kobold zombies (Ossuary)
  An orc zombie (Ossuary)
  8 quokka zombies (Ossuary)
  7 rats
  4 rat zombies (Ossuary)
226 creatures vanquished.

Vanquished Creatures (collateral kills)
  A foxfire (Ossuary)
1 creature vanquished.

Vanquished Creatures (others)
  669 foxfires
669 creatures vanquished.

Grand Total: 896 creatures vanquished

Notes
Turn   | Place    | Note
-------+----------+-------------------------------------------
     0 | D:1      | BinkBink the Djinni Fire Elementalist began the quest for
                  | the Orb.
     0 | D:1      | BinkBink set off with the following spells memorised:
                  | Foxfire, Scorch, Volatile Blastmotes, Inner Flame, Flame
                  | Wave.
     0 | D:1      | Reached XP level 1. HP: 15/15 MP: 0/0
   185 | D:1      | Reached XP level 2. HP: 19/21 MP: 0/0
   794 | D:2      | Reached XP level 3. HP: 25/25 MP: 0/0
   794 | D:2      | Learned a level 1 spell: Summon Small Mammal
   888 | D:2      | Reached skill level 3 in Dodging
  1006 | D:2      | Reached XP level 4. HP: 31/31 MP: 0/0
  1128 | D:2      | Found an opulent altar of Gozag.
  1487 | D:3      | You are sucked into a shaft and drop 2 floors!
  1487 | D:5      | Entered Level 5 of the Dungeon
  1655 | D:4      | Reached XP level 5. HP: 32/35 MP: 0/0
  1655 | D:4      | Learned a level 2 spell: Blink
  1690 | D:4      | Found a transporter.
  1752 | D:4      | Noticed a small abomination
  1763 | D:4      | Found a transporter.
  1803 | D:4      | Reached skill level 4 in Dodging
  1844 | D:4      | Reached XP level 6. HP: 39/40 MP: 0/0
  1857 | D:4      | Noticed an ice beast
  1889 | D:4      | Killed an ice beast
  2252 | D:4      | Noticed Blork the orc
  2259 | D:4      | Killed Blork the orc
  2260 | D:4      | Reached XP level 7. HP: 39/45 MP: 0/0
  2260 | D:4      | Learned a level 3 spell: Sigil of Binding
  2263 | D:4      | Found a hazy altar of Hepliaklqana.
  2264 | D:4      | Found a faded altar of an unknown god.
  2484 | D:4      | Reached skill level 5 in Dodging
  3292 | D:4      | Noticed Zigma's ghost (amateur DrSh)
  3863 | D:4      | Reached XP level 8. HP: 15/50 MP: 0/0
  4099 | D:5      | Reached skill level 6 in Dodging
  4210 | D:5      | Reached skill level 5 in Stealth
  5437 | D:6      | Reached skill level 7 in Dodging
  5448 | D:6      | Reached skill level 5 in Spellcasting
  5448 | D:6      | Reached skill level 5 in Conjurations
  5448 | D:6      | Reached skill level 5 in Hexes
  5448 | D:6      | Reached skill level 5 in Summonings
  5448 | D:6      | Reached skill level 5 in Necromancy
  5448 | D:6      | Reached skill level 5 in Translocations
  5448 | D:6      | Reached skill level 5 in Transmutations
  5448 | D:6      | Reached skill level 5 in Fire Magic
  5448 | D:6      | Reached skill level 5 in Ice Magic
  5448 | D:6      | Reached skill level 5 in Air Magic
  5448 | D:6      | Reached skill level 5 in Earth Magic
  5448 | D:6      | Reached skill level 5 in Poison Magic
  5526 | D:6      | Reached XP level 9. HP: 50/55 MP: 0/0
  5526 | D:6      | Learned a level 4 spell: Petrify
  5780 | D:6      | Found a staircase to the Ecumenical Temple.
  5792 | Temple   | Entered the Ecumenical Temple
  6562 | D:7      | Reached skill level 8 in Dodging
  6875 | D:7      | Noticed Dowan
  6881 | D:7      | Noticed Duvessa
  6889 | D:7      | Killed Duvessa
  6896 | D:7      | Killed Dowan
  7160 | D:7      | Reached XP level 10. HP: 56/60 MP: 0/0
  7257 | D:7      | Found a runed translucent door.
  7258 | D:7      | Noticed Crazy Yiuf
  7589 | D:8      | Found Caokk's Weapon Emporium.
  7590 | D:8      | Identified the ring "Pofiurph" {rF+ Str+5}
  7742 | D:8      | Reached skill level 9 in Dodging
  7853 | D:8      | Found a sand-covered staircase.
  7862 | Ossuary  | Entered an ossuary
  8831 | D:8      | Noticed Gastronok
  8846 | D:8      | Killed from afar by Gastronok

Illustrated notes

Levels and vault maps discovered:
D:1:      dpeg_arrival_water_temple_mockup, layout_loops_ring, nrook_uturn
D:2:      layout_rooms, basic_altar
D:3:      layout_loops_ring, portal_sewer_entry_a
D:4:      layout_basic, beargit_hepliaklqana_dungeon_heroes,
          gammafunk_ghost_abyssal_escape, grunt_ministairs_11, minmay_checkerbox
D:5:      layout_basic
D:6:      layout_basic, temple_doors_e
D:7:      layout_gridville, minmay_misc_feat_encased, roderic_batcave,
          kennysheep_generic_room_7, uniq_duvessa, uniq_crazy_yiuf_cottage
D:8:      layout_loops_corners, enter_ossuary_1, minmay_shop_grid_forest,
          uniq_gastronok
Temple:   regret_index_temple_mists

Skill      XL: |  1  2  3  4  5  6  7  8  9 10 |
---------------+-------------------------------+-----
Spellcasting   | 4 5 6 |  6.1
Conjurations   | 4 5 6 |  6.1
Hexes          | 4 5 6 |  6.1
Summonings     | 4 5 6 |  6.1
Necromancy     | 4 5 6 |  6.1
Translocations | 4 5 6 |  6.1
Transmutations | 4 5 6 |  6.1
Fire Magic     | 4 5 6 |  6.1
Ice Magic      | 4 5 6 |  6.1
Air Magic      | 4 5 6 |  6.1
Earth Magic    | 4 5 6 |  6.1
Poison Magic   | 4 5 6 |  6.1
Stealth        | 2 3 4 5 7 |  7.8
Dodging        | 3 4 5 7 8 9 |  9.4

Action                     |  1- 3 |  4- 6 |  7- 9 | 10-12 || total
---------------------------+-------+-------+-------+-------++-------
  Melee: Unarmed           |       |       |     1 |       ||     1
   Cast: Foxfire           |    51 |    88 |   178 |    98 ||   415
         Scorch            |       |       |   117 |    59 ||   176
         Blink             |       |       |     3 |       ||     3
    Use: Scroll            |       |       |    12 |     1 ||    13
 Armour: Robe              |     4 |     9 |    41 |    21 ||    75
  Dodge: Dodged            |     2 |    23 |    58 |    13 ||    96

Table legend: (Time is in decaauts)
 A = Elapsed time spent in this place.
 B = Non-inter-level travel time spent in this place.
 C = Inter-level travel time spent in this place.
 D = Time resting spent in this place.
 E = Time spent auto-exploring this place.
 F = Levels seen in this place.
 G = Mean time per level.
                   A        B        C        D        E       F      G
               +--------+--------+--------+--------+--------+-----+--------+
         Total |   8850 |   8569 |    281 |      0 |   6712 |  10 |  885.0 |
       Dungeon |   7905 |   7624 |    281 |      0 |   6170 |   8 |  988.1 |
        Temple |    233 |    233 |      0 |      0 |      0 |   1 |  233.0 |
       Ossuary |    711 |    711 |      0 |      0 |    542 |   1 |  711.0 |
               +--------+--------+--------+--------+--------+-----+--------+

Top non-repeatable levels by time:
     D:4: 1626 daAuts
     D:5: 1356 daAuts
     D:7: 1108 daAuts
     D:6: 1049 daAuts
     D:3: 847 daAuts
     D:1: 748 daAuts
 Ossuary: 711 daAuts
     D:2: 623 daAuts
     D:8: 546 daAuts
  Temple: 233 daAuts
